 Dungeon Crawl Stone Soup version 0.27-a0-631-g2d681adce0 (webtiles) character file.

Game seed: 7855562575103847458

110341 CypherZel the Magus (level 16, -13/144 (147) HPs)
             Began as a Red Draconian Conjurer on Mar 12, 2021.
             Was an Elder of Nemelex Xobeh.
             Mangled by a harpy simulacrum (19 damage)
             ... on level 15 of the Dungeon on Mar 13, 2021.
             The game lasted 04:11:01 (48130 turns).

CypherZel the Magus (Red Draconian Conjurer)       Turns: 48130, Time: 04:11:02

HP:   -13/144 (147) AC: 19    Str: 11    XL:     16   Next: 7%
MP:   37/39         EV: 12    Int: 27    God:    Nemelex Xobeh [****..]
Gold: 343           SH:  4    Dex: 10    Spells: 12/35 levels left

rFire    + . .     SeeInvis .   o - +7 sceptre of Torment {pain, torment}
rCold    . . .     Faith    .   s - +0 buckler
rNeg     . . .     Spirit   .   (armour unavailable)
rPois    +         Reflect  .   q - +1 hat
rElec    .         Harm     .   j - +2 cloak
rCorr    .         Rampage  .   n - +2 pair of gloves
Will     +++..                  b - +2 pair of boots
Stlth    ++........             (no amulet)
HPRegen  0.34/turn              x - ring of willpower
MPRegen  0.26/turn              w - ring "Hedixug" {rPois Will+ MP+9 Int+3}

@: slowed, lightly drained, very slow
A: breathe fire, AC +9, unfitting armour, fire resistance 1, cold-blooded
a: Breathe Fire, Renounce Religion, Draw Escape, Draw Destruction, Draw
Summoning, Triple Draw, Deal Four


You were on level 15 of the Dungeon.
You worshipped Nemelex Xobeh.
Nemelex Xobeh was greatly pleased with you.
You visited 3 branches of the dungeon, and saw 23 of its levels.
You visited 1 bazaar.
You also visited: Sewer and Ice Cave.

You collected 5191 gold pieces.
You spent 4848 gold pieces at shops.

Inventory:

Hand Weapons
 o - the +7 sceptre of Torment (weapon) {pain, torment}
   (You bought it in a shop on level 2 of the Orcish Mines)

   In the hands of one skilled in necromantic magic, it inflicts extra damage on
   living creatures.
Missiles
 g - 3 throwing nets
 k - 4 boomerangs
 t - a curare-tipped dart
 v - 31 poisoned darts
Armour
 b - a +2 pair of boots (worn)
 j - a +2 cloak (worn)
 n - a +2 pair of gloves (worn)
 q - a +1 hat (worn)
 s - a +0 buckler (worn)
Jewellery
 u - a +4 ring of evasion
 w - the ring "Hedixug" (left hand) {rPois Will+ MP+9 Int+3}
   (You bought it in a shop in a bazaar)

   [ring of magical power]

   It affects your intelligence (+3).
   It protects you from poison.
   It affects your willpower, your defense against some magical effects.
   It affects your magic capacity (+9).
 x - a ring of willpower (right hand)
 V - a +4 ring of evasion
Wands
 d - a wand of digging (12)
 e - a wand of charming (23)
 h - a wand of acid (3)
 i - a wand of iceblast (25)
 p - a wand of paralysis (4)
 y - a wand of mindburst (26)
Scrolls
 a - 3 scrolls of amnesia
 c - 8 scrolls of enchant weapon
 f - a scroll of random uselessness
 D - 2 scrolls of blinking
 F - a scroll of fog
 H - a scroll of brand weapon
 O - a scroll of silence
 S - 3 scrolls of summoning
 W - a scroll of holy word
 X - a scroll of magic mapping {@r4}
 Y - 4 scrolls of teleportation {@r3}
Potions
 r - 4 potions of haste
 A - 2 potions of attraction
 B - 2 potions of brilliance
 C - 3 potions of cancellation
 G - a potion of ambrosia
 I - a potion of invisibility
 J - 6 potions of curing {@q1}
 L - 5 potions of flight
 M - 2 potions of might
 N - a potion of heal wounds {@q2}
 R - 2 potions of resistance
 U - 2 potions of mutation
Miscellaneous
 l - a condenser vane (inert)
 m - a phantom mirror
 z - a box of beasts (inert)


   Skills:
 - Level 14.6 Fighting
 + Level 9.4 Maces & Flails
 - Level 1.7 Dodging
 - Level 3.1 Stealth
 - Level 4.2 Shields
 - Level 10.3 Spellcasting
 - Level 11.4 Conjurations
 - Level 9.6 Hexes
 - Level 5.9 Necromancy
 - Level 14.6 Invocations


You had 12 spell levels left.
You knew the following spells:

 Your Spells              Type           Power      Damage    Failure   Level
a - Magic Dart            Conj           100%       1d8       1%          1
b - Iskenderun's Mystic   Conj/Tloc      44%        2d10      4%          4
c - Animate Dead          Necr           22%        N/A       3%          4
f - Fulminant Prism       Conj/Hex       31%        3d16      1%          4
p - Dazzling Flash        Conj/Hex       100%       N/A       1%          3
s - Vampiric Draining     Necr           22%        2d9       1%          3
x - Searing Ray           Conj           100%       3d7       1%          2
B - Blink                 Tloc           N/A        N/A       6%          2

Your spell library contained the following spells:

 Spells                   Type           Power      Damage    Failure   Level
 Animate Skeleton         Necr           90%        N/A       1%          1
 Pain                     Necr           100%       1d9       1%          1
 Corpse Rot               Necr/Air       N/A        N/A       1%          2
 Slow                     Hex            60%        N/A       1%          2
 Sublimation of Blood     Necr           22%        N/A       1%          2
 Conjure Flame            Conj/Fire      44%        6-21      1%          3
 Stone Arrow              Conj/Erth      88%        3d12      1%          3
 Summon Guardian Golem    Hex/Summ       39%        N/A       1%          3
 Mephitic Cloud           Conj/Pois/Air  34%        N/A       2%          3
 Dispel Undead            Necr           45%        3d17      3%          4
 Freeze                   Ice            56%        1d7       4%          1
 Summon Small Mammal      Summ           56%        N/A       4%          1
 Hailstorm                Conj/Ice       44%        3d10      4%          4
 Call Imp                 Summ           14%        N/A       6%          2
 Agony                    Necr           45%        N/A       10%         5
 Excruciating Wounds      Necr           22%        N/A       10%         5
 Call Canine Familiar     Summ           14%        N/A       12%         3
 Frozen Ramparts          Ice            28%        1d4       12%         3
 Ozocubu's Armour         Ice            14%        N/A       12%         3
 Summon Ice Beast         Ice/Summ       14%        N/A       38%         4
 Summon Lightning Spire   Summ/Air       14%        N/A       38%         4
 Summon Forest            Summ/Tloc      7%         N/A       75%         5
 Eringya's Noxious Bog    Tmut/Pois      7%         N/A       99%         6
 Hydra Form               Tmut           7%         N/A       99%         6
 Summon Hydra             Summ           7%         N/A       100%        7


Dungeon Overview and Level Annotations

Branches:
Dungeon (15/15)            Temple (0/1) D:6            Lair (6/6) D:11
 Shoals (0/4) Lair:2        Snake (0/4) Lair:2        Slime (0/5) Lair:6
    Orc (2/2) D:11            Elf (0/3) Orc:2        Vaults (0/5) D:13
 Depths (0/5) D:15          Sewer (visited)           IceCv (visited)

Altars:
Ashenzari
Cheibriados
Elyvilon
Gozag
Makhleb
Nemelex Xobeh
Qazlal
Sif Muna
Trog
Vehumet
Wu Jian

Shops:
D:13 ![[[   Orc:1 !(   Orc:2 *![

Annotations:
D:5 exclusion: downstairs
D:6 2 transporters, Xtruder99's ghost, novice GnTm


Innate Abilities, Weirdness & Mutations

You can breathe blasts of fire.
Your fiery red scales are hard. (AC +9)
You cannot fit into any form of body armour.
Your flesh is heat resistant. (rF+)
You are cold-blooded and may be slowed by cold attacks.


Message History

You feel yourself speed up. The harpy simulacrum claws you.
* * * LOW HITPOINT WARNING * * *
The harpy simulacrum freezes you!
* * * LOW HITPOINT WARNING * * *
The tengu conjurer hits you with a +0 dagger.
* * * LOW HITPOINT WARNING * * *
The harpy simulacrum claws you.
* * * LOW HITPOINT WARNING * * *
The harpy simulacrum freezes you!
You feel yourself slow down.
* * * LOW HITPOINT WARNING * * *
Okay, then.
You draw... (choose one card, ? for their descriptions) a - Velocity b - Velocity
c - the Cloud You have drawn Velocity.
The tengu conjurer seems to slow down.
The harpy simulacrum seems to slow down.
You can no longer stack cards.
You feel yourself speed up. The harpy simulacrum claws you.
* * * LOW HITPOINT WARNING * * *
The harpy simulacrum freezes you!
You feel yourself slow down.
* * * LOW HITPOINT WARNING * * *
The harpy simulacrum claws you!
* * * LOW HITPOINT WARNING * * *
The harpy simulacrum freezes you!
* * * LOW HITPOINT WARNING * * *
The tengu conjurer pecks you.
* * * LOW HITPOINT WARNING * * *
You feel much better. The harpy simulacrum claws you.
* * * LOW HITPOINT WARNING * * *
The harpy simulacrum freezes you!!
* * * LOW HITPOINT WARNING * * *
The harpy simulacrum claws you.
* * * LOW HITPOINT WARNING * * *
The harpy simulacrum freezes you!!
You feel as though you will be slow longer.
You die...
Your body glows with a rainbow of weird colours and disappears.

,,,,,******,***#...............,,
,,,,,,*,,,,,,,,##..###..##.....,,
**,,,,*,,,,,,,,*######..#**####**
*,,,,*,,,,,,,,,#.....Q.#,,,,,,,,
*,,,,*,,,,,,,,,#.......#,,,,,,,,
*,,,,*,,,,,,,,,#.......#,,,,,,,,
*,,,,*****,,***###.#####,,,,,,,,
*****,,,,*,,*#####.##,,,,,,*****
*,,,,*,,,#.@Q...#,,,,,,*,,,,
*,,,,*,,,#..Z...#,,,,,,+,,,,
*,,,,+,,,#......#,,,,,,*,,,,
*,,,,****########,,,,,,*****
****** ********


You could see a tengu conjurer (slow) and a harpy simulacrum (slow).

Vanquished Creatures
  A ghoul (D:14)
  Josephine (Lair:4)
  The ghost of Wukicigh the Fighter, a journeyman MiFi of Ru (Orc:1)
  The ghost of Mupairif the Cleaver, a journeyman MiFi of Okawaru (Orc:1)
  The ghost of Kuptoy the Convoker, a journeyman DESu of Fedhas (Orc:1)
  A great orb of eyes (D:13)
  3 vault guards
  3 boulder beetles
  10 hydras
  2 centaur warriors
  3 catoblepae (Lair:6)
  2 two-headed ogres
  A satyr (D:11)
  15 death yaks
  3 orc high priests (Orc:2)
  Sonja (Lair:5)
  3 skeletal warriors (D:14)
  A sea snake (Lair:5)
  A deep troll (shapeshifter) (D:10)
  A lindwurm (Lair:5)
  An unseen horror (Lair:4)
  A wizard (D:10)
  6 orc knights
  2 harpies
  Pikel (D:5)
  A deep elf pyromancer (D:10)
  3 ugly things
  5 cyclopes
  3 orc sorcerers (Orc:2)
  An orb spider (Lair:4)
  4 manticores
  A moth of wrath (Lair:6)
  12 elephants
  A guardian serpent (D:11)
  2 ice statues (IceCv)
  7 black mambas
  A torpor snail (Lair:4)
  6 komodo dragons
  15 cane toads
  A rime drake (Lair:6)
  A kobold demonologist (D:13)
  A redback zombie (D:14)
  2 guardian mummies (D:14)
  7 ice devils (IceCv)
  3 polar bears
  A jumping spider (shapeshifter) (D:14)
  A meliai (D:13)
  6 trolls
  A merfolk (Lair:6)
  23 blink frogs
  Prince Ribbit (D:8)
  A hornet (D:11)
  13 slime creatures
  Sigmund (D:5)
  A tarantella (D:11)
  A spriggan (Lair:4)
  A shadow (D:13)
  3 wyverns
  8 wraiths
  99 yaks
  Grum (D:8)
  3 basilisks
  A naga (shapeshifter) (D:14)
  3 vampire mosquitoes
  6 wargs
  Menkaure (D:6)
  3 steam dragons
  18 water moccasins
  Duvessa (D:3)
  19 orc warriors
  2 acid dragons
  Purgy (Sewer)
  2 ice beasts
  6 sky beasts
  11 ogres
  A necrophage (D:12)
  18 wolves
  12 centaurs
  A lemure (D:5)
  3 kobold brigands
  2 phantoms
  19 bullfrogs
  2 wyvern zombies (D:14)
  A wyvern skeleton (D:14)
  Dowan (D:4)
  10 scorpions
  10 killer bees
  3 electric eels (Lair:1)
  A bullfrog zombie (D:5)
  8 centaur zombies
  7 hounds
  An iron imp (D:5)
  3 jellies
  21 orc priests
  Crazy Yiuf (D:4)
  3 bullfrog skeletons
  3 centaur skeletons
  11 worker ants
  4 iguanas
  21 orc wizards
  A killer bee zombie (D:7)
  2 hound zombies
  A mummy (D:14)
  A worker ant zombie (D:5)
  10 gnolls
  28 adders
  A howler monkey skeleton (D:8)
  3 river rats (D:11)
  6 shadow imps
  22 white imps
  7 ufetubi (IceCv)
  An ooze (D:1)
  An adder skeleton (D:4)
  3 worms
  2 dart slugs
  4 leopard geckos
  71 orcs
  6 bats
  7 giant cockroaches
  5 goblins
  7 hobgoblins
  7 jackals
  21 kobolds
  8 quokkas
  2 ball pythons (Lair:2)
  8 frilled lizards
  A leopard gecko zombie (D:6)
  9 rats
  A bush (Bazaar)
  4 fulminant prisms
799 creatures vanquished.

Vanquished Creatures (collateral kills)
  A bunyip (D:13)
  A vault guard (D:13)
  A two-headed ogre (Orc:2)
  An anaconda (D:13)
  A death yak (D:11)
  An obsidian statue (D:13)
  A wind drake (D:13)
  A yak (D:11)
  A warg (Orc:1)
  An ogre (Orc:2)
  2 killer bees (D:10)
  A bullfrog zombie (D:13)
  2 white imps (IceCv)
  An ufetubus (IceCv)
  A fulminant prism (D:10)
17 creatures vanquished.

Vanquished Creatures (others)
  A reaper (IceCv)
  A centaur warrior (D:14)
  A yak (Lair:6)
  3 white imps (IceCv)
  4 ufetubi (IceCv)
  257 fulminant prisms
  77 fungi
  128 plants
  5 withered plants (D:14)
477 creatures vanquished.

Grand Total: 1293 creatures vanquished

Notes
Turn   | Place    | Note
-------+----------+-------------------------------------------
     0 | D:1      | CypherZel the Draconian Conjurer began the quest for the
                  | Orb.
     0 | D:1      | Reached XP level 1. HP: 14/14 MP: 3/3
   440 | D:1      | Reached XP level 2. HP: 16/20 MP: 0/5
   543 | D:1      | Learned a level 2 spell: Searing Ray
  1230 | D:2      | Reached XP level 3. HP: 23/26 MP: 1/7
  1294 | D:2      | Found an opulent altar of Gozag.
  1295 | D:2      | Found a sparkling altar of Nemelex Xobeh.
  1306 | D:2      | Became a worshipper of Nemelex Xobeh the Trickster
  1652 | D:1      | Learned a level 3 spell: Dazzling Flash
  1856 | D:1      | Reached XP level 4. HP: 29/33 MP: 2/8
  1981 | D:2      | Noticed a phantom
  2003 | D:2      | Killed a phantom
  2004 | D:2      | Reached skill level 5 in Conjurations
  2004 | D:2      | Reached skill level 1 in Hexes
  2004 | D:2      | Reached XP level 5. HP: 37/38 MP: 1/10
  3060 | D:3      | Found a stormy altar of Qazlal.
  3377 | D:3      | Reached skill level 1 in Fighting
  3555 | D:3      | Reached XP level 6. HP: 47/47 MP: 6/11
  3940 | D:3      | Found a broken altar of Ashenzari.
  4000 | D:3      | Reached * piety under Nemelex Xobeh
  4021 | D:3      | Found a white marble altar of Elyvilon.
  4357 | D:4      | Noticed Duvessa
  4357 | D:4      | Noticed Dowan
  4406 | D:4      | Upgraded the game from 0.27-a0-604-g29a88b33a7 to
                  | 0.27-a0-631-g2d681adce0
  5657 | D:4      | Your scales start taking on a fiery red colour.
  5657 | D:4      | Reached XP level 7. HP: 52/52 MP: 9/13
  5657 | D:4      | Gained mutation: Your flesh is heat resistant. (rF+) [Red
                  | Draconian growth]
  5662 | D:4      | Learned a level 4 spell: Fulminant Prism
  5898 | D:4      | Killed Dowan
  6212 | D:3      | Killed Duvessa
  6579 | D:4      | Reached skill level 5 in Spellcasting
  6663 | D:4      | Found a bloodstained altar of Trog.
  6982 | D:4      | Found a runed translucent door.
  6983 | D:4      | Noticed Crazy Yiuf
  6987 | D:4      | Killed Crazy Yiuf
  7247 | D:5      | Entered Level 5 of the Dungeon
  7251 | D:5      | Found an opulent altar of Gozag.
  7257 | D:5      | Noticed Pikel
  7364 | D:5      | Killed Pikel
  7365 | D:5      | Reached XP level 8. HP: 50/59 MP: 0/16
  7426 | D:5      | Received a gift from Nemelex Xobeh
  7429 | D:5      | Found a glowing drain.
  7444 | Sewer    | Entered a sewer
  7672 | Sewer    | Noticed Purgy
  7680 | Sewer    | Killed Purgy
  7681 | Sewer    | Reached skill level 5 in Hexes
  8237 | D:5      | Found a snail-covered altar of Cheibriados.
  8374 | D:5      | Noticed Sigmund
  8379 | D:5      | Killed Sigmund
  8806 | D:6      | Reached ** piety under Nemelex Xobeh
  8818 | D:6      | Noticed Menkaure
  9130 | D:6      | Reached XP level 9. HP: 66/66 MP: 15/18
  9667 | D:6      | Killed Menkaure
  9668 | D:6      | Reached skill level 1 in Shields
 10258 | D:6      | Found a burning altar of Makhleb.
 10342 | D:6      | Found a staircase to the Ecumenical Temple.
 10359 | D:6      | Identified the +7 dire flail of the Common Good {vorpal,
                  | rPois rN+ Int-3}
 10359 | D:6      | Noticed a two-headed ogre
 10363 | D:6      | Found a transporter.
 10366 | D:6      | Noticed Xtruder99's ghost (novice GnTm)
 10369 | D:6      | Found a transporter.
 10761 | D:7      | Found an ornate altar of the Wu Jian Council.
 10940 | D:7      | Reached skill level 5 in Fighting
 11888 | D:8      | Noticed Grum
 11894 | D:8      | Killed Grum
 11895 | D:8      | Reached XP level 10. HP: 86/86 MP: 6/19
 12091 | D:8      | Noticed Prince Ribbit
 12106 | D:8      | Received a gift from Nemelex Xobeh
 12194 | D:8      | Killed Prince Ribbit
 12599 | D:8      | Found a shimmering blue altar of Sif Muna.
 13634 | D:9      | Reached *** piety under Nemelex Xobeh
 13761 | D:9      | Reached skill level 1 in Invocations
 14235 | D:10     | Entered Level 10 of the Dungeon
 14696 | D:10     | Received a gift from Nemelex Xobeh
 14802 | D:10     | Noticed a deep elf pyromancer
 14817 | D:10     | Killed a deep elf pyromancer
 14819 | D:10     | Reached skill level 5 in Invocations
 15061 | D:10     | Noticed a wizard
 15069 | D:10     | Killed a wizard
 15145 | D:10     | Noticed a two-headed ogre
 15164 | D:10     | Killed a two-headed ogre
 15365 | D:10     | Noticed an eye of devastation
 15366 | D:10     | Noticed a six-headed hydra
 15449 | D:10     | Noticed a two-headed ogre
 15455 | D:10     | a two-headed ogre changed into a snapping turtle
 15651 | D:10     | Reached XP level 11. HP: 96/97 MP: 14/20
 15827 | D:10     | Killed a six-headed hydra
 15985 | D:10     | Noticed a boulder beetle
 15999 | D:10     | Killed a boulder beetle
 16039 | D:10     | Noticed a deep troll
 16045 | D:10     | Killed a deep troll
 16420 | D:10     | Noticed an orc knight
 16447 | D:10     | Killed an orc knight
 16481 | D:10     | Reached **** piety under Nemelex Xobeh
 16481 | D:10     | Received a gift from Nemelex Xobeh
 16510 | D:10     | Noticed a tengu warrior
 16512 | D:10     | a tengu warrior changed into a sky beast
 16873 | D:11     | Found a staircase to the Orcish Mines.
 16886 | D:11     | Noticed a two-headed ogre
 16907 | D:11     | Reached skill level 10 in Fighting
 16907 | D:11     | Reached skill level 10 in Invocations
 16909 | D:11     | a two-headed ogre changed into a guardian serpent
 17036 | D:11     | Noticed a two-headed ogre
 17044 | D:11     | a two-headed ogre changed into an elephant
 17457 | D:11     | Noticed a four-headed hydra
 17464 | D:11     | Killed a four-headed hydra
 17742 | D:11     | Noticed an eight-headed hydra
 18055 | D:11     | Received a gift from Nemelex Xobeh
 18255 | D:11     | Killed an eight-headed hydra
 18450 | D:11     | Identified the +6 great sword of Valour {spect, Int+5}
 18462 | D:11     | Found a staircase to the Lair.
 18465 | D:11     | Noticed a death yak
 18518 | D:11     | Noticed a death yak
 18522 | D:11     | Noticed a death yak
 18523 | D:11     | Noticed a satyr
 18523 | D:11     | a death yak changed into a satyr
 18523 | D:11     | Noticed a four-headed hydra
 18523 | D:11     | a death yak changed into a four-headed hydra
 18523 | D:11     | Killed a satyr
 18524 | D:11     | Reached XP level 12. HP: 106/106 MP: 3/23
 18527 | D:11     | Killed a four-headed hydra
 18529 | D:11     | Killed a death yak
 18768 | Lair:1   | Entered Level 1 of the Lair of Beasts
 19235 | Lair:1   | Received a gift from Nemelex Xobeh
 20220 | Lair:1   | Reached skill level 10 in Conjurations
 21535 | Lair:2   | Noticed a death yak
 21535 | Lair:2   | Noticed a death yak
 21539 | Lair:2   | Noticed a five-headed hydra
 21540 | Lair:2   | Killed a five-headed hydra
 21540 | Lair:2   | Killed a death yak
 21540 | Lair:2   | Killed a death yak
 21544 | Lair:2   | Killed a death yak
 21620 | Lair:2   | Noticed a death yak
 21646 | Lair:1   | Killed a death yak
 21647 | Lair:1   | Reached XP level 13. HP: 74/113 MP: 14/26
 23523 | Lair:2   | Found a staircase to the Snake Pit.
 24334 | Lair:2   | Reached skill level 10 in Spellcasting
 24806 | Lair:2   | Found a staircase to the Shoals.
 24847 | Lair:2   | Identified a scroll of acquirement
 24848 | Lair:2   | Acquired 1204 gold pieces
 24924 | Lair:2   | Received a gift from Nemelex Xobeh
 25489 | Lair:3   | Learned a level 4 spell: Iskenderun's Mystic Blast
 25679 | Lair:3   | Received a gift from Nemelex Xobeh
 25717 | Lair:3   | Reached ***** piety under Nemelex Xobeh
 26915 | Lair:3   | Received a gift from Nemelex Xobeh
 27264 | Lair:4   | Noticed Josephine
 28124 | Lair:4   | Killed Josephine
 28889 | Lair:4   | Learned a level 3 spell: Vampiric Draining
 28919 | Lair:4   | Reached skill level 1 in Necromancy
 29323 | Lair:4   | Received a gift from Nemelex Xobeh
 29375 | Lair:4   | Reached XP level 14. HP: 125/125 MP: 25/28
 29420 | Lair:4   | Identified the +1 glaive of Gomusam {holy, +Fly rPois Str-2
                  | Dex-3}
 29830 | Lair:5   | Found a frozen archway.
 29859 | IceCv    | Entered an ice cave
 30697 | IceCv    | Killed a reaper
 30872 | IceCv    | Received a gift from Nemelex Xobeh
 32075 | Lair:5   | Received a gift from Nemelex Xobeh
 32479 | Lair:5   | Noticed Sonja
 32484 | Lair:5   | Killed Sonja
 32588 | Lair:5   | Received a gift from Nemelex Xobeh
 33058 | Lair:6   | Entered Level 6 of the Lair of Beasts
 33199 | Lair:6   | Received a gift from Nemelex Xobeh
 33570 | Lair:5   | Learned a level 2 spell: Blink
 34220 | Lair:6   | Found a radiant altar of Vehumet.
 35437 | Lair:6   | Received a gift from Nemelex Xobeh
 35721 | Lair:6   | Received a gift from Nemelex Xobeh
 35815 | Lair:6   | Found a staircase to the Slime Pits.
 36585 | Lair:6   | Reached XP level 15. HP: 134/138 MP: 26/29
 37231 | Orc:1    | Entered Level 1 of the Orcish Mines
 37451 | Orc:2    | Entered Level 2 of the Orcish Mines
 37453 | Orc:2    | Found a staircase to the Elven Halls.
 37723 | Orc:1    | Received a gift from Nemelex Xobeh
 37723 | Orc:1    | Found Zyloud's Antique Weapon Boutique.
 38487 | Orc:2    | Found Loumm's Antique Armour Shop.
 38487 | Orc:2    | Found Ifytse Ytuc's Antique Armour Shoppe.
 38492 | Orc:2    | Found Fodweh's Assorted Antiques.
 38492 | Orc:2    | Found Lashrelo's Distillery.
 38516 | Orc:2    | Learned a level 4 spell: Animate Dead
 38597 | Orc:2    | Reached skill level 1 in Maces & Flails
 39038 | Orc:2    | Received a gift from Nemelex Xobeh
 39660 | Orc:1    | Found a runed translucent gate.
 39695 | Orc:1    | Found a runed translucent gate.
 39696 | Orc:1    | Found a runed translucent gate.
 39697 | Orc:1    | Noticed Wukicigh's ghost (journeyman MiFi)
 39698 | Orc:1    | Noticed Mupairif's ghost (journeyman MiFi)
 39698 | Orc:1    | Noticed Kuptoy's ghost (journeyman DESu)
 39744 | Orc:1    | Killed Wukicigh's ghost
 39747 | Orc:1    | Killed Mupairif's ghost
 39747 | Orc:1    | Killed Kuptoy's ghost
 39824 | Orc:1    | Identified the +4 hand axe "Demonslayer" {vorpal, rC+++ rN+
                  | Dex-4 Stlth+}
 39913 | Orc:1    | Found Kaqixziz's Distillery.
 40279 | Orc:2    | Bought the +7 sceptre of Torment {pain, torment} for 3720
                  | gold pieces
 40279 | Orc:2    | Found the +7 sceptre of Torment {pain, torment}
 41896 | D:12     | Received a gift from Nemelex Xobeh
 42086 | D:12     | Reached skill level 5 in Necromancy
 42819 | D:13     | Found a gate to the Vaults.
 42829 | D:13     | Found Ycleam's Armour Shop.
 43278 | D:13     | Found Rufocial's Antique Armour Boutique.
 43286 | D:13     | Bought a runed hat for 161 gold pieces
 43296 | D:13     | Received a gift from Nemelex Xobeh
 43362 | D:13     | Reached skill level 5 in Maces & Flails
 43917 | D:13     | Found Dyruitid's Antique Armour Shop.
 44625 | D:13     | Identified the +2 long sword of the Briny Deep {drain, rF+
                  | rC+ Int-3}
 44625 | D:13     | Identified the -2 hand axe "Killer Klown's Foe" {freeze,
                  | *Corrode +Blink Will+}
 44916 | D:13     | Found Qyiwna Vootu's Distillery.
 45369 | D:13     | Acquired 1074 gold pieces
 45452 | D:14     | Received a gift from Nemelex Xobeh
 47037 | D:14     | Reached XP level 16. HP: 121/147 MP: 30/30
 47796 | D:15     | Entered Level 15 of the Dungeon
 47813 | D:15     | Found a flickering gateway to a bazaar.
 47825 | Bazaar   | Entered a bazaar
 47825 | Bazaar   | Found Hejoa's Armour Boutique.
 47825 | Bazaar   | Found Neraad's Jewellery Shop.
 47825 | Bazaar   | Found Ymaamul's Antique Armour Boutique.
 47825 | Bazaar   | Found Feawunoy's Jewellery Boutique.
 47825 | Bazaar   | Found Nana's General Store.
 47825 | Bazaar   | Found Juosm's Antique Weapon Boutique.
 47900 | Bazaar   | Bought the ring "Hedixug" {rPois Will+ MP+9 Int+3} for 517
                  | gold pieces
 47904 | Bazaar   | Bought a ring of willpower for 450 gold pieces
 48129 | D:15     | HP: 7/144 [harpy simulacrum (8)]
 48129 | D:15     | HP: 3/144 [tengu conjurer/+0 dagger[a tengu warrior] (4)]
 48130 | D:15     | Mangled by a harpy simulacrum

Illustrated notes

Levels and vault maps discovered:
D:1:      dpeg_arrival_lava_altar, layout_basic
D:2:      kennysheep_big_flooded_room, layout_rooms,
          grunt_temple_overflow_opulence, minmay_tromino_i4
D:3:      layout_rooms, elyvilon_altar_5, old_standard_altar,
          old_standard_altar, fountainhead
D:4:      layout_cave_pools, nicolae_overflow_hidden_temple, trog_hazing_becter,
          uniq_duvessa, uniq_crazy_yiuf_cottage
D:5:      layout_loops_cross, slow_altar_2, portal_sewer_entry_a, basic_altar,
          ebering_dispersal_statue_hall, uniq_pikel, uniq_sigmund
D:6:      layout_rooms, marbit_many_paths, minmay_temple_entry_gardened_gates,
          gammafunk_ghost_smash, bh_walls_and_bars, uniq_menkaure
D:7:      layout_loops_ring, nzn_wu_jian_contemplation
D:8:      layout_basic, overflow_temple_1_default, uniq_grum,
          uniq_prince_ribbit1
D:9:      layout_cave_pools
D:10:     minmay_the_grid_plus_closed [minmay_the_grid_tiny_cups,
          minmay_the_grid_mess, minmay_the_grid_minigrid_large,
          minmay_the_grid_fan, minmay_the_grid_prize_big_room], layout_basic
D:11:     layout_irregular_city, dpeg_lair_monsters, orc_0_dummy,
          lemuel_flamethrower_1
D:12:     layout_long_grid
D:13:     minmay_statue_hallways, layout_small_grid,
          lightli_vaults_fourway_checkpoint, serial_shops,
          nicolae_shop_behind_doors, kennysheep_mini, shop, shop_fountains
D:14:     layout_gridville, hangedman_decor_points, serial_undead,
          serial_undead_d, serial_undead_d, serial_undead_e, serial_undead_c,
          serial_undead_e, serial_undead_f
D:15:     gammafunk_enter_depths_forms, layout_gridville, serial_shops,
          bzr_entry_gold, ashenzari_altar_1, lemuel_nasty_fountain
Lair:1:   layout_cave_pods, serial_bayou_shore_a
Lair:2:   layout_loops_ring, minmay_shoals_entry_centaurs,
          minmay_snake_entry_six_corridors, beast_lair_carwin_10
Lair:3:   layout_regular_city
Lair:4:   layout_misc_corridors, uniq_josephine
Lair:5:   layout_small_grid, portal_ice_cave_entry_imps, st_stairs_6,
          minmay_hedge_maze, uniq_sonja
Lair:6:   evilmike_catoblepas_cave, layout_regular_city,
          dpeg_slime_entry_corner, basic_altar, chequers_serial_rivers_small_b
Orc:1:    layout_caves, gammafunk_ghost_cemetery, serial_shops,
          nicolae_shop_trees, shop, nooodl_orcs_dogs
Orc:2:    grunt_orc_tribal_feast, layout_caves

Skill      XL: |  1  2  3  4  5  6  7  8  9 10 11 12 13 14 15 |
---------------+----------------------------------------------+-----
Spellcasting   | 3 4 5 6 7 9 10 | 10.3
Conjurations   | 5 6 7 8 9 10 11 | 11.4
Hexes          | 1 2 3 4 5 6 8 9 |  9.6
Fighting       | 1 7 9 10 11 14 | 14.6
Shields        | 4 |  4.2
Stealth        | 3 |  3.1
Invocations    | 8 10 11 14 | 14.6
Necromancy     | 1 2 5 |  5.9
Maces & Flails | 9 |  9.4
Dodging        | |  1.7

Action                   |  1- 3 |  4- 6 |  7- 9 | 10-12 | 13-15 | 16-18 || total
-------------------------+-------+-------+-------+-------+-------+-------++-------
Melee: Mace              |     6 |     3 |       |       |       |       ||     9
       Tailslap          |     1 |     1 |     1 |     5 |    40 |    17 ||    65
       Quarterstaff      |       |       |     9 |       |       |       ||     9
       Whip              |       |       |       |     8 |       |       ||     8
       Great sword       |       |       |       |     1 |    47 |       ||    48
       Eveningstar       |       |       |       |       |   287 |    82 ||   369
 Cast: Magic Dart        |    41 |    36 |    13 |    35 |    50 |     1 ||   176
       Searing Ray       |     5 |    36 |    75 |   107 |   115 |       ||   338
       Dazzling Flash    |       |       |     7 |    23 |    67 |     2 ||    99
       Fulminant Prism   |       |       |     8 |    54 |   199 |     1 ||   262
       Iskenderun's Myst |       |       |       |       |   126 |     3 ||   129
       Vampiric Draining |       |       |       |       |     8 |       ||     8
       Animate Dead      |       |       |       |       |    20 |       ||    20
       Blink             |       |       |       |       |     5 |     5 ||    10
Invok: Draw Destruction  |       |       |       |    18 |    30 |       ||    48
       Draw Escape       |       |       |       |     5 |     3 |       ||     8
       Draw Summoning    |       |       |       |     3 |     8 |     1 ||    12
       Deal Four         |       |       |       |     3 |    12 |       ||    15
       Triple Draw       |       |       |       |       |       |     1 ||     1
 Abil: Breathe Fire      |       |       |    35 |    45 |    61 |     1 ||   142
Evoke: Wand              |       |       |       |    16 |    24 |       ||    40
       Condenser vane    |       |       |       |       |     3 |       ||     3
       Box of beasts     |       |       |       |       |     1 |       ||     1
  Use: Scroll            |     5 |     8 |     9 |     9 |    14 |     3 ||    48
       Potion            |       |     1 |       |     1 |     6 |     2 ||    10
 Stab: Invisible         |       |       |       |     1 |    13 |       ||    14
Armor: Skin              |     4 |     8 |    52 |   100 |   248 |    43 ||   455
Dodge: Dodged            |    15 |    24 |    86 |   253 |   706 |    60 ||  1144
Block: Buckler           |       |       |     2 |    40 |    80 |    23 ||   145
       Rpst.: Great sword |       |       |       |    27 |    94 |       ||   121

Table legend: (Time is in decaauts)
 A = Elapsed time spent in this place.
 B = Non-inter-level travel time spent in this place.
 C = Inter-level travel time spent in this place.
 D = Time resting spent in this place.
 E = Time spent auto-exploring this place.
 F = Levels seen in this place.
 G = Mean time per level.
                   A        B        C        D        E       F      G
               +--------+--------+--------+--------+--------+-----+--------+
         Total |  48509 |  45572 |   2937 |  20569 |  17182 |  26 | 1865.7 |
       Dungeon |  26602 |  24943 |   1659 |   9716 |  11034 |  15 | 1773.5 |
          Lair |  16486 |  15535 |    951 |   8400 |   4733 |   6 | 2747.7 |
  Orcish Mines |   3133 |   2806 |    327 |    975 |   1148 |   2 | 1566.5 |
        Bazaar |    125 |    125 |      0 |      0 |     33 |   1 |  125.0 |
         Sewer |    367 |    367 |      0 |    150 |    180 |   1 |  367.0 |
      Ice Cave |   1793 |   1793 |      0 |   1327 |     54 |   1 | 1793.0 |
               +--------+--------+--------+--------+--------+-----+--------+

Top non-repeatable levels by time:
  Lair:2: 3607 daAuts
  Lair:1: 3459 daAuts
  Lair:5: 3414 daAuts
    D:11: 2937 daAuts
  Lair:3: 2905 daAuts
     D:3: 2566 daAuts
    D:12: 2403 daAuts
    D:13: 2362 daAuts
    D:10: 2192 daAuts
     D:5: 2124 daAuts
   Orc:2: 2069 daAuts
   IceCv: 1793 daAuts
     D:2: 1758 daAuts
  Lair:6: 1724 daAuts
     D:1: 1712 daAuts
